[Event "1st Bella Italia International 2022"]
[Site "Lignano"]
[Date "2022.08.20"]
[Round "6.1"]
[White "Visakh N R"]
[Black "Lumachi, Gabriele"]
[Result "1-0"]
[ECO "E05"]
[WhiteElo "2503"]
[BlackElo "2355"]
[Annotator "TA"]
[PlyCount "67"]
[EventDate "2022.08.18"]
[EventCountry "ITA"]
[SourceTitle "playchess.com"]
[Source "ChessBase"]
[SourceQuality "1"]
[TimeControl "5400+30"]

1. d4 d5 2. c4 e6 3. Nf3 Nf6 4. g3 Be7 5. Bg2 O-O 6. O-O dxc4 7. Qc2 b5 8. a4 {[%emt 0:00:19] E05: Open Catalan: 5 Nf3 Be7.} b4 9. Nfd2 Nd5 10. Nxc4 {[%emt 0:00:07] White is slightly better.} c5 11. dxc5 Bxc5 12. e4 Nb6 13. Ncd2 $36 {[%emt 0:00:09][%mdl 2048] White is really pushing.} N8d7 {[%emt 0:02:16] White must now prevent ...Ba6.} 14. a5 Ba6 {[%emt 0:01:08][%cal Oa8c8] And now ...Rc8! would win.} 15. axb6 Rc8 {[%emt 0:00:37][%cal Oc5f2] aiming for ...Bxf2+!} 16. Qd1 $1 Qxb6 {[%emt 0:02:30] [#]} 17. Nb3 $1 Bxf1 18. Qxf1 {[%emt 0:00:09] [#]} Rc7 $146 (18... h6 $14) ({Predecessor:} 18... h6 19. Nxc5 Qxc5 20. Nd2 Nb6 21. Nb3 Qc2 22. Nd4 Qc5 23. Nb5 Nc4 24. Nxa7 Rcd8 {½-½ (68) Pechac,J (2599)-Parkhov,Y (2450) Terme Catez 2022}) 19. N1d2 $18 h6 20. Nf3 a5 21. Bf4 (21. Nxa5 Ra8 22. Bf4 (22. Nc4 $2 Bxf2+ 23. Qxf2 Qxf2+ 24. Kxf2 Rxa1 $19) 22... Rxa5 23. Rxa5 Qxa5 24. Bxc7 Qxc7 $17) 21... Ra7 22. Nxc5 Nxc5 23. Be3 Rc8 24. Ne5 Qc7 {[%emt 0:11:31] [#]} 25. Nc4 Nb3 {[%emt 0:07:54] [#]} 26. Rd1 Qxc4 (26... a4 27. Nd6) 27. Qxc4 ({Less strong is} 27. Bxa7 Qc2 $16) 27... Rxc4 28. Bxa7 {[%emt 0:06:17] Strongly threatening Rd8+.} a4 29. Rd8+ Kh7 {[%emt 0:00:12] Threatens to win with ...a3.} 30. Be3 Na5 $2 (30... Rc2) 31. Bf1 {[%emt 0:01:27] Ra8 is the strong threat. White is clearly winning.} Rc2 32. Ra8 a3 33. bxa3 ({Don't go for} 33. Rxa5 $2 axb2 34. Bd4 b1=Q $19) 33... b3 34. Rxa5 {[%emt 0:00:07] Weighted Error Value: White=0.01 (flawless) /Black=0.35} 1-0

[Event "1st Bella Italia International 2022"]
[Site "Lignano"]
[Date "2022.08.20"]
[Round "6.2"]
[White "Ghosh, Diptayan"]
[Black "Sonis, Francesco"]
[Result "1-0"]
[ECO "A47"]
[WhiteElo "2538"]
[BlackElo "2543"]
[Annotator "TA"]
[PlyCount "95"]
[EventDate "2022.08.18"]
[EventCountry "ITA"]
[SourceTitle "playchess.com"]
[Source "ChessBase"]
[SourceQuality "1"]
[TimeControl "5400+30"]

1. d4 Nf6 2. Nf3 e6 3. Bf4 b6 4. e3 Be7 5. h3 Bb7 6. Nbd2 c5 7. c3 O-O 8. Bd3 cxd4 9. exd4 Ba6 {[%emt 0:01:01] A47: 1 d4 Nf6 2 Nf3 b6: Torre, London and Colle Systems.} 10. Bxa6 Nxa6 11. Qe2 Qc8 {[%emt 0:00:30] The position is equal.} 12. O-O d6 13. a4 Nc7 14. Rfe1 Qb7 {[%emt 0:01:02] [#]} 15. Nc4 $146 ({Predecessor:} 15. Bh2 h6 16. c4 d5 17. b3 Na6 18. a5 Rfd8 19. Rec1 Ne4 20. Nf1 Bb4 21. axb6 axb6 22. cxd5 {½-½ (48) Arnaudov,P (2441)-Kazakovskiy,V (2420) Antalya 2017}) 15... Rfd8 16. Ne3 h6 17. c4 a5 18. Ng4 (18. d5 $5) 18... Nce8 19. d5 e5 20. Bd2 Bf8 21. Nh4 Qd7 22. Ra3 Nxg4 23. hxg4 ({Much worse is} 23. Qxg4 Qxg4 24. hxg4 Rdc8 $11) 23... g6 24. Rh3 {[%emt 0:12:26] White is more active.} Qxa4 (24... Bg7 $16 {might work better.}) 25. Nf5 $2 gxf5 $11 26. gxf5 Nf6 $2 {[%emt 0:00:35][%mdl 8192] This costs Black the game.} (26... Qc2 $1 $11 {and Black is okay.} 27. Rg3+ Kh8) 27. Bxh6 $18 {[%emt 0:01:52] White threatens Qe3 and mate.} Bxh6 (27... Qd7) 28. Rxh6 {[%emt 0:00:05] Intending Qe3 and mate.} Kf8 29. Rxf6 {[%emt 0:04:09] Hoping for Qg4.} Kg7 {[%emt 0:00:07] [#]} 30. Re6 $3 {[%emt 0:00:38][%mdl 512] Qg4+ would kill now.} fxe6 (30... Rh8 31. Rxd6) 31. Qg4+ Kf8 32. f6 (32. Re3 $142 Qd7 33. fxe6) 32... Rd7 33. dxe6 Rh7 34. Qg6 Raa7 35. e7+ Raxe7 36. fxe7+ {[%emt 0:00:04][%mdl 64] Discovered Attack} Rxe7 37. Qxd6 Qxc4 38. Qxb6 {[%emt 0:00:42][%mdl 4096] Endgame KQR-KQR} ({Don't blunder} 38. Rxe5 $2 Qc1+ 39. Kh2 Qf4+ 40. Kh3 Qxe5 $19) 38... Qd5 $2 (38... Qc7 39. Qf6+ Kg8) 39. Qf6+ {[%emt 0:01:57] White is clearly winning.} Ke8 40. Rc1 e4 41. Qg6+ Kd7 42. Qg4+ Qe6 43. Qd1+ Ke8 44. Qh5+ Kf8 45. Rc5 e3 46. Rf5+ Kg8 47. Qg4+ Rg7 {[%emt 0:00:00] [#]} 48. Rf8+ $3 {[%emt 0:00:05][%mdl 512] Weighted Error Value: White=0.42/Black=0.56} 1-0

[Event "1st Bella Italia International 2022"]
[Site "Lignano"]
[Date "2022.08.20"]
[Round "6.3"]
[White "Karthik Venkataraman"]
[Black "Loiacono, Leonardo"]
[Result "1-0"]
[ECO "C60"]
[WhiteElo "2483"]
[BlackElo "2291"]
[Annotator "TA"]
[PlyCount "91"]
[EventDate "2022.08.18"]
[EventCountry "ITA"]
[SourceTitle "playchess.com"]
[Source "ChessBase"]
[SourceQuality "1"]
[TimeControl "5400+30"]

1. e4 e5 2. Nf3 Nc6 3. Bb5 a6 4. Ba4 g6 5. c3 Bg7 6. O-O Nge7 7. d4 exd4 8. cxd4 b5 {[%emt 0:00:05] C60: Ruy Lopez: Unusual Black 3rd moves and 3...g6.} 9. Bc2 d5 10. exd5 Nb4 {[%emt 0:00:04] White is slightly better.} 11. Bb3 {[%emt 0:03:39] [#] Black must now prevent Re1.} Nbxd5 12. h3 (12. Bg5 {looks sharper.} Qd6 13. Re1 O-O 14. Nc3) 12... O-O 13. Re1 {[%emt 0:00:30] [#]} Bb7 $146 ({Predecessor:} 13... Nf5 14. Nc3 Nxc3 15. bxc3 Bb7 16. Ba3 Nd6 17. Qd3 a5 18. Bc5 a4 19. Bc2 Qf6 {1-0 (27) Gopal,G (2565)-Havelka,J (2277) Pardubice 2016}) 14. Bg5 {[%emt 0:01:00] aiming for Bxd5.} Nf6 15. Nc3 h6 16. Bxf6 Bxf6 17. Ne4 Nf5 18. Ne5 {[%emt 0:01:05] Threatens to win with Nxg6.} Bxe5 19. dxe5 {[%emt 0:00:07] Strongly threatening Nc5.} Bxe4 20. Rxe4 Qxd1+ 21. Rxd1 c5 22. Bd5 Rad8 23. e6 $36 {[%emt 0:00:11][%mdl 2048] White has good play.} fxe6 24. Rxe6 Kg7 25. Rc6 ({Much weaker is} 25. Rxa6 Nd4 26. Ra7+ Kf6 27. Ra6+ Kf5 $17) 25... Rc8 (25... Rd6 $11) 26. Rxa6 $16 Rfd8 27. Ra7+ Kh8 {[%emt 0:01:47] [#]} 28. Kf1 $1 {[%emt 0:09:02] White is more active.} c4 29. Rb7 Rc5 30. Bf3 Rxd1+ 31. Bxd1 {[%emt 0:00:04][%mdl 4096] Endgame KRB-KRN} Nd4 32. Rd7 Ne6 33. Bc2 b4 (33... c3 $16) 34. Bxg6 c3 35. bxc3 bxc3 36. Bc2 Nc7 37. Ke2 Nd5 38. a3 {[%emt 0:00:04] Against Nb4} Ra5 (38... h5 $142 39. Rf7 Rc6) 39. g3 $18 {[%emt 0:00:24] White is clearly winning.} Nf6 40. Rf7 Ra6 41. Kd3 Kg8 42. Bb3 {[%emt 0:05:06] Rxf6+ would kill now.} Rxa3 (42... Rd6+ $142 43. Kxc3 Kh8) 43. Be6 {[%emt 0:02:03] Ra7+ is the strong threat.} Ra6 44. Rxf6+ Kg7 45. Rf7+ Kg6 46. Bc4 {[%emt 0:00:08] Weighted Error Value: White=0.04 (flawless) /Black=0.21 (precise)} 1-0

[Event "1st Bella Italia International 2022"]
[Site "Lignano"]
[Date "2022.08.20"]
[Round "6.4"]
[White "Das, Sayantan"]
[Black "Zeller, Frank"]
[Result "1-0"]
[ECO "C92"]
[WhiteElo "2449"]
[BlackElo "2356"]
[Annotator "TA"]
[PlyCount "103"]
[EventDate "2022.08.18"]
[EventCountry "ITA"]
[SourceTitle "playchess.com"]
[Source "ChessBase"]
[SourceQuality "1"]
[TimeControl "5400+30"]

1. e4 e5 2. Nf3 Nc6 3. Bb5 a6 4. Ba4 Nf6 5. O-O Be7 6. Re1 b5 7. Bb3 d6 8. c3 O-O 9. h3 Bb7 10. d4 Re8 11. Nbd2 Bf8 12. a4 h6 13. Bc2 exd4 14. cxd4 Nb4 15. Bb1 c5 16. d5 Nd7 17. Ra3 c4 18. Nd4 Qf6 19. N2f3 {[%emt 0:00:00] C92: Closed Ruy Lopez: 9...Be6, Karpov and Flohr-Zaitsev Variations.} Nc5 20. b3 {[%emt 0:00:00] [#]} c3 $146 (20... Nbd3 $11 {keeps the balance.} 21. Bxd3 Nxd3) ({Predecessor:} 20... Nbd3 21. Bxd3 Nxd3 22. Re3 b4 23. Ra1 Ne5 24. Nxe5 dxe5 25. Nf5 c3 26. Rf3 Qd8 27. Nxh6+ gxh6 28. Rg3+ Kh7 29. Qg4 {1-0 (31) So,W (2772)-Le,Q (2709) chess24.com INT 2021}) 21. axb5 $16 {[%emt 0:00:00] White is better.} axb5 22. Re3 Rac8 (22... Rxa3 $2 23. Bxa3 c2 24. Nxc2 $18 (24. Bxc2 Nxc2 25. Qxc2 Qg6 $18)) 23. Ra7 (23. Rxc3 Nxd5 24. exd5 b4 25. Rxc5 (25. Qc2 $2 g6 $19) 25... dxc5 $17) (23. Nxb5 $6 c2 24. Bxc2 Nxc2 25. Qxc2 Nxe4 $1 $11) 23... Qd8 24. Ba3 $1 (24. Rxc3 $6 Nxe4 25. Re3 (25. Rxc8 Qxc8 26. Nxb5 Bxd5 $11) 25... Bxd5 $11) (24. Nxb5 c2 25. Bxc2 Nxc2 26. Qxc2 Nxe4 $17) 24... c2 25. Nxc2 (25. Bxc2 Nxc2 26. Nxc2 Qb6 27. Bxc5 dxc5 $14) 25... Nxc2 26. Bxc2 {[%emt 0:00:00] Strongly threatening b4.} Qb6 27. Bxc5 Rxc5 28. Ra2 Rec8 (28... b4 $16 {was called for.}) 29. b4 $1 $36 {[%emt 0:00:00][%mdl 2048] Keeping Black busy.} Rc4 30. Qd2 g6 31. Bd3 (31. Rea3 $1 $18) 31... Rc3 (31... Rc1+ $16 32. Re1 Rxe1+ 33. Nxe1 (33. Qxe1 Bg7 $16) 33... Bg7) 32. Bf1 Bg7 (32... Rxe3 $142 33. Qxe3 Qxe3 34. fxe3 f5) 33. Rxc3 Rxc3 34. Ra5 Bc8 35. Bd3 (35. Rxb5 $6 Qc7 $16) (35. Bxb5 $6 Kh7 36. Qf4 Rc7 $16) (35. e5 $142 Rc7 36. Rxb5) 35... Qc7 36. Kh2 ({Worse is} 36. Rxb5 Ba6 37. e5 Rc1+ 38. Kh2 Bxb5 39. Bxb5 Rc2 $17) (36. Bxb5 $18 {is more deadly. Nd4 is the strong threat.} Rc2 37. Ra7 $3 Qxa7 38. Qxc2 Qa1+ 39. Kh2) 36... Rb3 $16 {[%emt 0:01:35] [#]} 37. Bxb5 ({White must play} 37. Ra2 $1 $16) 37... Rb2 38. Qe3 Rxb4 39. Ra7 Qd8 (39... Qb8 $1 $11 40. Be8 Rb3) 40. Bc6 Rb8 41. g3 Qf6 42. Kg2 {[%emt 0:00:13] White is much more active.} g5 (42... Qc3 $16) 43. Rc7 (43. g4 $18 {has better winning chances.}) 43... g4 44. hxg4 Bxg4 45. Nh4 Rb4 $2 {[%emt 0:01:36] This costs Black the game.} (45... Qd8 $1 $14 46. Ra7 Qg5) 46. Bd7 $18 Bxd7 47. Rxd7 Qe5 48. f3 Rb2+ 49. Kh3 Qe8 $2 (49... Rb1 50. Ra7 (50. Nf5 Rh1+ 51. Kg2 Qa1 $11) 50... Bf8) 50. Qa7 Bd4 {[%emt 0:00:38] [#]} 51. Qxd4 Qxd7+ {[%emt 0:00:11] [#]} 52. Nf5 $1 {[%emt 0:00:07] Weighted Error Value: White=0.19 (very precise) /Black=0.67} 1-0

[Event "1st Bella Italia International 2022"]
[Site "Lignano"]
[Date "2022.08.20"]
[Round "6.5"]
[White "Jonkman, Harmen"]
[Black "Cappelletto, Joshuaede"]
[Result "1-0"]
[ECO "B22"]
[WhiteElo "2373"]
[BlackElo "2266"]
[Annotator "TA"]
[PlyCount "85"]
[EventDate "2022.08.18"]
[EventCountry "ITA"]
[SourceTitle "playchess.com"]
[Source "ChessBase"]
[SourceQuality "1"]
[TimeControl "5400+30"]

1. e4 c5 2. c3 d5 3. exd5 Nf6 4. Nf3 Nxd5 5. d4 cxd4 6. Nxd4 {[%emt 0:00:03] B22: Sicilian: 2 c3.} e5 7. Nf3 {[%emt 0:08:09] [#]} Qd6 $146 (7... Nc6 $11 {remains equal.}) ({Predecessor:} 7... e4 8. Qa4+ Nc6 9. Qxe4+ Be7 10. Be2 O-O 11. O-O Re8 12. Qc2 Qc7 13. a3 Be6 {1-0 (34) Dovbnia,N (1385)-Birks,J Batumi 2016}) 8. Na3 $16 {[%emt 0:01:12] Hoping for Nb5. White is better.} Nb6 (8... Be6 $16) 9. Qxd6 $18 Bxd6 10. Nb5 Ke7 {[%emt 0:00:08] [#]} 11. Ng5 Rd8 12. Ne4 {[%emt 0:01:00] Threatens to win with Be3.} (12. Nxh7 Bf5 13. Ng5 f6 $11) 12... Nc6 13. Nbxd6 Rxd6 14. Nxd6 Kxd6 15. b3 Bf5 16. Ba3+ Kc7 17. O-O-O Re8 18. Bd6+ Kc8 19. Bb5 h5 20. Rhe1 f6 21. f3 h4 22. Kb2 a6 23. Bd3 Bxd3 24. Rxd3 g5 25. Red1 Nd7 26. Ba3 Nf8 27. Bxf8 Rxf8 {[%emt 0:00:07][%mdl 4096] Endgame KRR-KRN} 28. Rd7 {[%emt 0:00:00] Prevents Rf7.} Nd8 29. Re7 Nc6 30. Rg7 Nb8 31. Rd6 a5 32. a4 h3 33. g3 f5 34. Rxg5 e4 35. f4 Nd7 36. Rd5 e3 {[%emt 0:01:37] And now ...e2 would win.} 37. Rd1 Nc5 38. Kc2 ({Not} 38. Rd5 Ne4 39. Rd3 (39. Rxa5 $2 Rf7 $19) (39. Rdxf5 $2 Rxf5 40. Rxf5 e2 $19) 39... Nxg5 40. fxg5 f4 41. gxf4 Rxf4 42. Rxe3 Rf2+ 43. Kb1 Rxh2 $16) 38... Ne4 39. Rh5 Rf6 40. Rd3 Rd6 41. Rxd6 e2 {[%emt 0:00:07] [#]} 42. Rd1 $3 Nxc3 (42... exd1=Q+ 43. Kxd1) 43. Re1 {[%emt 0:00:00] Black did not feel at home in the position after the opening.  Weighted Error Value: White=0.04 (flawless) /Black=0.29 (precise)} 1-0

[Event "1st Bella Italia International 2022"]
[Site "Lignano"]
[Date "2022.08.20"]
[Round "6.6"]
[White "Lapiccirella, Daniele"]
[Black "Aaron, Deepak"]
[Result "0-1"]
[ECO "E55"]
[WhiteElo "2173"]
[BlackElo "2221"]
[Annotator "TA"]
[PlyCount "124"]
[EventDate "2022.08.18"]
[EventCountry "ITA"]
[SourceTitle "playchess.com"]
[Source "ChessBase"]
[SourceQuality "1"]
[TimeControl "5400+30"]

1. d4 e6 2. c4 Nf6 3. Nc3 Bb4 4. Nf3 O-O 5. e3 c5 6. Bd3 d5 7. O-O cxd4 8. exd4 dxc4 9. Bxc4 Qc7 10. Qe2 Bxc3 11. bxc3 Nbd7 12. Bd2 b6 13. Bd3 Bb7 {[%emt 0:00:22] [#]} 14. Rfc1 $146 {[%emt 0:09:27] E55: Nimzo-Indian: Rubinstein: Main Line: 7...dxc4 8 Bxc4 Nbd7.} ({Predecessor:} 14. Rac1 Rfe8 15. Rfe1 Qd6 16. Bg5 Rac8 17. Bh4 Nh5 18. Qe3 Qf4 19. Bb5 Bc6 20. a4 Qxe3 21. fxe3 f5 {1-0 (44) Sasikiran,K (2675)-Nisipeanu,L (2696) Olite 2006}) 14... Rfe8 15. Bg5 Rac8 16. Bb5 {[%emt 0:12:12] The position is equal.} Ne4 17. c4 (17. Be3 $11) 17... Nxg5 $17 {[%emt 0:09:12] Black is more active.} 18. Nxg5 h6 19. Nf3 Red8 20. Rd1 Qf4 21. Qe3 Qg4 (21... Qf6 $17) 22. h3 (22. d5 $1 $11 Nc5 23. h3) 22... Qf5 23. Rac1 Bxf3 24. Qxf3 Qxf3 25. gxf3 Kf8 26. Kf1 Ke7 27. Ke2 e5 {[%emt 0:01:48] White must now prevent ...exd4.} 28. c5 (28. d5 $15) 28... bxc5 29. Bxd7 Rxd7 30. dxe5 Rxd1 31. Rxd1 {[%emt 0:00:07][%mdl 4096] Endgame KR-KR} Rc6 {[%emt 0:00:52] Against Rd6} 32. Kd3 {[%emt 0:02:29] [#]} Ra6 (32... Ke6 $1 $17 33. Kc4 Ra6) 33. Rd2 (33. Rc1 $1 $15) 33... Ke6 34. Kc4 (34. f4 {is a better defense.}) 34... Kxe5 $19 35. Kxc5 $2 (35. Rd7 {was worth a try.}) 35... Kf4 36. Kb5 ({But not} 36. Rd7 $2 f5 37. Kb4 (37. Rxg7 $2 Kxf3 38. Kd4 f4 $19) 37... Rxa2 38. Rxg7 a5+ 39. Kb5 Rxf2 $19) 36... Rb6+ 37. Kc5 Kxf3 38. Rd7 Rf6 39. Rxa7 Kxf2 (39... Kg2 $142 40. a4 Kxh3) 40. Rd7 Kg2 41. a4 Kxh3 {[%emt 0:00:46] [#] Strongly threatening ...g5.} 42. a5 g5 {[%emt 0:01:16] aiming for ...g4.} 43. Rd3+ $2 (43. Rd6 Rxd6 44. Kxd6) 43... Kh4 44. Rd6 Rxd6 45. Kxd6 {[%emt 0:00:06] KP-KP} g4 46. a6 g3 47. a7 g2 48. a8=Q g1=Q {[%emt 0:00:06] KQ-KQ} 49. Ke7 f5 50. Qf3 Qg4 51. Qh1+ Kg5 {[%emt 0:00:10] ( -> ...Qe4+)} 52. Kf7 f4 {[%emt 0:00:19] Black mates.} 53. Kg7 Qd7+ 54. Kh8 Qe8+ 55. Kh7 Qg6+ 56. Kh8 Qf6+ 57. Kh7 Qf5+ 58. Kg7 h5 59. Qc1 Qe5+ 60. Kh7 Qe4+ 61. Kg7 Qe7+ 62. Kh8 Qe3 {[%emt 0:00:15] Weighted Error Value: White=0.47/Black=0.14 (very precise)} (62... h4 $142 63. Kg8 Kf6 64. Qxf4+ Kg6 65. Qg4+ Kh6 66. Qf4+ Qg5+ 67. Qxg5+ Kxg5 68. Kf8 h3 69. Ke8 h2 70. Ke7 h1=Q 71. Kd6 Qc1 72. Kd5 Qc3 73. Kd6 Kf6 74. Kd5 Qb4 75. Kc6 Ke6 76. Kc7 Qb5 77. Kc8 Kd6 78. Kd8 Qd7#) 0-1

[Event "1st Bella Italia International 2022"]
[Site "Lignano"]
[Date "2022.08.20"]
[Round "6.7"]
[White "Bommini Mounika Akshaya"]
[Black "Priyanka Nutakki"]
[Result "1/2-1/2"]
[ECO "D09"]
[WhiteElo "2107"]
[BlackElo "2308"]
[Annotator "TA"]
[PlyCount "66"]
[EventDate "2022.08.18"]
[EventCountry "ITA"]
[SourceTitle "playchess.com"]
[Source "ChessBase"]
[SourceQuality "1"]
[TimeControl "5400+30"]

1. d4 d5 2. c4 e5 3. dxe5 d4 4. Nf3 Nc6 5. g3 Nge7 6. Bg2 Ng6 7. Nbd2 {[%emt 0:02:36] D09: Albin Counter Gambit: Main line with 5 g3.} Ngxe5 8. O-O Be7 9. b3 {[%emt 0:03:28] White is slightly better.} a5 10. a3 O-O 11. Bb2 {[%emt 0:01:27] [#]} Be6 $146 ({Predecessor:} 11... Ra6 12. Qc2 Re8 13. Rad1 d3 14. exd3 Qxd3 15. Ne1 Qxc2 16. Nxc2 Bg4 17. Rb1 Nd3 {½-½ (41) Steingrimsson,H (2536)-Stopa,J (2498) Bratto 2014}) 12. Nxe5 Nxe5 13. Nf3 Nxf3+ 14. Bxf3 c5 15. Qd3 Qb6 16. a4 Rad8 17. e3 h6 18. h4 f5 19. Rfe1 Bf6 20. Rad1 Bf7 {[%emt 0:07:16] [#] ...dxe3 is the strong threat.} 21. Qxf5 (21. exd4 {looks sharper.} Bxd4 22. Bxd4 Rxd4 23. Qc2) 21... dxe3 22. Bxf6 Rxd1 23. Rxd1 Be6 $1 {[%emt 0:06:21] [#]} 24. Qd3 {[%emt 0:08:49] aiming for Bd8.} exf2+ 25. Kxf2 Rxf6 26. Kg2 $1 {[%emt 0:02:10] White is more active.} Bf5 27. Be4 (27. Qd5+ $16 Kh7 28. g4 (28. Qxb7 Qxb7 29. Bxb7 Rb6 $16)) 27... Bxe4+ $11 {[%emt 0:03:29] The position is equal.} 28. Qxe4 {[%emt 0:00:01][%mdl 4096] Endgame KQR-KQR} Rf8 29. Rd3 Kh8 30. Rf3 Rd8 31. Rd3 Rf8 32. Rf3 Rd8 33. Rd3 Rf8 {[%emt 0:00:09] Weighted Error Value: White=0.12 (very precise) /Black=0.07 (flawless)} 1/2-1/2

[Event "1st Bella Italia International 2022"]
[Site "Lignano"]
[Date "2022.08.20"]
[Round "6.9"]
[White "Micottis, Dorian"]
[Black "Grigorian, Roudolph"]
[Result "1/2-1/2"]
[WhiteElo "2263"]
[BlackElo "2101"]
[Annotator "TA"]
[PlyCount "15"]
[EventDate "2022.08.18"]
[EventCountry "ITA"]
[SourceTitle "playchess.com"]
[Source "ChessBase"]
[SourceQuality "1"]
[TimeControl "5400+30"]

1. e4 e5 2. Nf3 Nc6 3. Nc3 Nf6 4. Be2 Bb4 5. Nd5 Ba5 6. O-O {[%emt 0:00:13] C47: Scotch Four Knights and Four Knights with 4 g3.} d6 7. d4 {[%emt 0:02:44] Black must now prevent Bg5.} h6 {[%emt 0:10:21] [#] Against Bg5} 8. Nxf6+ $146 ({Predecessor:} 8. c3 exd4 9. Nxd4 Bb6 10. Nxb6 axb6 11. c4 O-O 12. f3 Nxd4 13. Qxd4 Nd7 14. Be3 {1-0 (39) Skripchenko,A (2449)-Stetsko,L (2245) Plovdiv 2014}) 1/2-1/2

[Event "1st Bella Italia International 2022"]
[Site "Lignano"]
[Date "2022.08.20"]
[Round "6.10"]
[White "Gelle, Istvan"]
[Black "Montorsi, Matteo"]
[Result "1-0"]
[ECO "A48"]
[WhiteElo "2218"]
[BlackElo "2100"]
[Annotator "TA"]
[PlyCount "75"]
[EventDate "2022.08.18"]
[EventCountry "ITA"]
[SourceTitle "playchess.com"]
[Source "ChessBase"]
[SourceQuality "1"]
[TimeControl "5400+30"]

1. d4 Nf6 2. Bf4 g6 3. e3 Bg7 4. Nf3 d6 5. h3 O-O 6. Be2 Nbd7 7. Bh2 Qe8 8. c4 e5 9. Nc3 Qe7 10. O-O Ne8 {[%emt 0:09:10] A48: 1 d4 Nf6 2 Nf3 g6: Torre, London and Colle Systems.} 11. b4 e4 12. Nd2 {[%emt 0:00:24] White is more active.} f5 {[%emt 0:00:26] White is better.} 13. c5 {[%emt 0:01:43] [#]} c6 $146 ({Predecessor:} 13... Ndf6 14. cxd6 cxd6 15. Qb3+ Kh8 16. Rac1 g5 17. Rc2 Bh6 18. Rfc1 f4 19. Nd5 Nxd5 20. Rxc8 Rxc8 21. Rxc8 fxe3 22. fxe3 {1-0 (56) Andrianov,N (2455)-Poldauf,D (2390) Budapest 1989}) 14. cxd6 Nxd6 15. Nb3 Nf6 16. a4 Be6 17. Nc5 Bd5 {[%emt 0:04:56] White stays focused until the end.} (17... Bf7 $11) 18. b5 $16 Rf7 (18... Rad8 $16 {was necessary.}) 19. bxc6 bxc6 20. Rb1 g5 21. a5 Bh6 (21... Raf8 {was worth a try.} 22. Nxd5 cxd5) 22. Be5 $18 f4 (22... Nd7 $142) 23. Bxf6 (23. a6 $142) 23... Rxf6 (23... Qxf6 $142 24. Nxd5 cxd5) 24. Nxd5 cxd5 25. Qb3 Qf7 (25... Raf8 {keeps fighting.} 26. Qxd5+ Qf7 27. Qxf7+ R8xf7) 26. Bh5 Qxh5 (26... Rg6 27. Bxg6 hxg6) 27. Qxd5+ Kg7 28. Qxa8 f3 29. Rb8 {[%emt 0:09:16] [#] Rg8+ would kill now.} fxg2 30. Rg8+ Kf7 31. Kxg2 (31. Qd5+ $142 Ke7 32. Rb1 Qd1+ 33. Rxd1 Rg6 34. Rb1 Rxg8 35. Qe6+ Kf8 36. Nd7+ Kg7 37. Qf6#) 31... Qf3+ 32. Kh2 Qe2 33. Kg1 {[%emt 0:01:36] [#] Threatening mate with Qd5+.} Qh5 34. Nxe4 Qxh3 35. Nxd6+ (35. Qxa7+ $142 Kxg8 36. Nxf6+ Kf8 37. Qxh7 Nc4 38. Rb1 Nd6 39. Nd7+ Qxd7 40. Qxd7) 35... Rxd6 {[%emt 0:00:02] White is clearly winning.} 36. Qe8+ Kf6 37. Qe5+ Kf7 38. Qxd6 {[%emt 0:00:37] Weighted Error Value: White=0.20 (precise) /Black=1.23} 1-0

[Event "1st Bella Italia International 2022"]
[Site "Lignano"]
[Date "2022.08.20"]
[Round "6.11"]
[White "Brotto, Alessandro"]
[Black "Seres, Bela"]
[Result "1-0"]
[ECO "A69"]
[WhiteElo "2027"]
[BlackElo "2207"]
[Annotator "TA"]
[PlyCount "82"]
[EventDate "2022.08.18"]
[EventCountry "ITA"]
[SourceTitle "playchess.com"]
[Source "ChessBase"]
[SourceQuality "1"]
[TimeControl "5400+30"]

1. e4 c5 2. Nf3 g6 3. d4 Bg7 4. d5 d6 5. Be2 Nf6 6. Nfd2 e6 7. O-O O-O 8. c4 exd5 9. cxd5 a6 10. a4 Re8 11. Nc3 Nbd7 12. f4 Qc7 (12... c4 $11) 13. g4 {[%emt 0:07:53] Threatens to win with g5. A69: Modern Benoni: Four Pawns Attack with 9...Re8.} h6 14. h4 {[%emt 0:03:09] [#]} g5 $146 (14... Nh7 $11) ({Predecessor:} 14... Rb8 15. g5 hxg5 16. hxg5 Nh7 17. Bd3 Ndf8 18. a5 Qe7 19. Nf3 f6 20. Qe1 fxg5 21. fxg5 {½-½ (44) Oliver,G (2164)-Morris,M (1985) Parramatta 2008}) 15. hxg5 {[%emt 0:03:52] White is clearly better.} (15. fxg5 $6 hxg5 16. hxg5 Nh7 $11) 15... hxg5 16. e5 $1 (16. fxg5 Nh7 $14) 16... dxe5 17. fxg5 e4 18. Kg2 {[%emt 0:09:07] Inhibits Qg3+.} e3 19. gxf6 exd2 20. fxg7 {[%emt 0:02:20] Really sharp!} dxc1=Q (20... Re3 21. Rf3 (21. Bxd2 {gets mated.} Qg3+ 22. Kh1 Qh4+ 23. Kg2 Rg3+ 24. Kf2 Rh3+ 25. Kg2 Qg3#) 21... Rxf3 22. Bxf3 dxc1=R 23. Qxc1 Qe5) 21. Qxc1 $18 Qe5 (21... Rxe2+ $142 22. Nxe2 Qe5) 22. Rf5 $1 Qe3 23. Qh1 Kxg7 {[%emt 0:00:00] [#]} 24. Qh5 (24. Rxf7+ $142 $3 Kxf7 25. Qh7+ Kf6 26. Rf1+ Qf4 27. Rxf4+ Ke5 28. Qg6 Kxf4 29. Qf5+ Ke3 30. Qg5+ Kd4 31. Qf4+ Re4 32. Qxe4#) 24... f6 25. Rh1 {[%emt 0:03:17] White wants to mate with d6.} Rg8 26. Qh7+ (26. d6 $142 Nf8 27. Rxf6 $3 Be6 28. Rf3 Qxf3+ 29. Bxf3 Ng6 30. Qh6+ Kf7 31. Bxb7) 26... Kf8 27. Rhf1 {[%emt 0:00:25] Rxf6+ would kill now.} Qe7 28. Qh6+ Ke8 29. g5 (29. d6 $142 Qg7 30. Qxg7 Rxg7 31. Nd5) 29... Qg7 30. Bh5+ Kd8 {[%emt 0:00:00] [#] ...Qxh6 is the strong threat.} 31. Qxg7 Rxg7 32. g6 b5 33. Ne4 {[%emt 0:01:25] Black must now prevent a5.} ({Much less strong is} 33. axb5 $6 axb5 34. Kg3 (34. Nxb5 Ra6 $16) 34... b4 $16) 33... Bb7 $2 (33... bxa4 34. Nxf6 Nf8) 34. Nxf6 {[%emt 0:01:03] And now Kg3 would win.} Nxf6 35. Rxf6 Bxd5+ 36. Kg3 Ke7 {[%emt 0:00:30] Inhibits Rd6.} 37. a5 b4 38. Kh4 {[%emt 0:00:09] Hoping for Kg5.} c4 (38... Bc4 $142 39. R1f4 Rd8) 39. Kg5 {[%emt 0:00:53] aiming for Re1+.} Rgg8 40. Re1+ Kd7 41. Rd1 (41. Bg4+ $142 Kd8 42. Rd1 Rg7 43. Rxd5+ Ke8 44. Re5+ Kd8 45. Rf8+ Kc7 46. Rxa8) 41... Rh8 {[%emt 0:00:59] Weighted Error Value: White=0.51/Black=1.48} 1-0